 Dungeon Crawl Stone Soup version 0.28-a0-1184-g53156a8862 (webtiles) character file.

Game seed: 17224072247320202576

29 ytrimaz the Covered (level 2, -1/25 HPs)
             Began as a Demigod Fighter on Dec 17, 2021.
             Slain by an adder (4 damage)
             ... on level 2 of the Dungeon.
             The game lasted 00:01:07 (1341 turns).

ytrimaz the Covered (Demigod Fighter)               Turns: 1341, Time: 00:01:08

Health: -1/25      AC:  6    Str: 17    XL:     2   Next: 81%
Magic:  4/4        EV:  9    Int: 10    God:
Gold:   67         SH:  4    Dex: 13    Spells: 1/1 levels left

rFire   + . .      SeeInvis .   a - +0 flail (venom)
rCold   . . .      Faith    .   c - +0 buckler
rNeg    . . .      Spirit   .   b - +0 scale mail
rPois   .          Reflect  .   (no helmet)
rElec   .          Harm     .   (no cloak)
rCorr   +          Rampage  .   (no gloves)
Will    .....                   (no boots)
Stlth   ..........              (no amulet)
HPRegen 0.08/turn               f - ring of protection from fire
MPRegen 0.09/turn               e - ring of resist corrosion

@: no status effects
A: high mp 1, forlorn, divine attributes
a: no special abilities


You were on level 2 of the Dungeon.
You visited 1 branch of the dungeon, and saw 2 of its levels.

You collected 67 gold pieces.

Inventory:

Hand Weapons
 a - a +0 flail of venom (weapon)
Armour
 b - a +0 scale mail (worn)
 c - a +0 buckler (worn)
Jewellery
 e - a ring of resist corrosion (right hand)
 f - a ring of protection from fire (left hand)
 h - a ring of flight
Scrolls
 g - a scroll of immolation {unknown}
 i - a scroll of acquirement {unknown}
 j - a scroll of enchant armour {unknown}
 l - a scroll of identify
 m - a scroll of brand weapon
Potions
 d - a potion of might
 k - a potion of flight {unknown}


   Skills:
 + Level 2.9 Fighting
 * Level 2.4 Maces & Flails
 + Level 3.0 Armour
 + Level 2.9 Shields


You had one spell level left.
You didn't know any spells.
Your spell library contained the following spells:

 Spells                   Type           Power      Damage    Failure   Level
 Frozen Ramparts          Ice            0%         1d2       99%         3
 Ice Form                 Ice/Tmut       0%         N/A       100%        4
 Summon Ice Beast         Ice/Summ       0%         N/A       100%        4


Dungeon Overview and Level Annotations

Branches:
Dungeon (2/15)


Innate Abilities, Weirdness & Mutations

You have an increased reservoir of magic. (+10% MP)
You shall have no god before yourself.
Your divine heritage dramatically boosts your attributes as you level up.


Message History

The bat hits you but does no damage. The bat hits you but does no damage.
You hit the bat.
You kill the bat!
You now have 67 gold pieces (gained 12).
There are monsters nearby!
There are monsters nearby!
There are monsters nearby!
The adder bites you but does no damage.
You miss the adder. The adder bites you but does no damage.
The endoplasm freezes you.
You are frozen.
The adder bites you.
You are poisoned.
The adder poisons you! The endoplasm misses you.
You sock the adder!
The adder is almost dead.
You feel sick. The adder bites you.
You are more poisoned.
The adder poisons you! The endoplasm closely misses you.
The adder bites you but does no damage.
You barely miss the adder.
The adder is almost dead.
You feel very sick. The adder bites you.
The endoplasm jiggles.
The endoplasm hits you but does no damage.
The adder bites you.
Unknown command.
You feel sick.
You feel sick.
You feel sick.
You thump the endoplasm!
You kill the endoplasm!
You feel sick.
You miss the adder.
The adder is almost dead.
You feel sick.
You are no longer poisoned.
The adder bites you.
You die...

......# #....###......
..#######....##.......
#.##.......#.#........
#.##.####..#.#........
#..#.......#.#.......
##.#..###..#.#..(...
#....# #..#.#######
###...# #..#.....# #
......# #..#####@# .#
......# #..# #.#S###.#
......###..###.#.#...####
....................<....
......###..#####.........
......###..# #..#<.....
.......##..# #..##...[.
.....#.##..#####.........
####.#†.#..##............


You could see an adder.

Vanquished Creatures
  3 dart slugs
  A bat (D:2)
  4 endoplasms
  A giant cockroach (D:1)
  2 goblins (D:1)
  2 hobgoblins (D:1)
  3 kobolds (D:1)
  4 ball pythons
  A rat (D:1)
21 creatures vanquished.

Notes
Turn   | Place    | Note
-------+----------+-------------------------------------------
     0 | D:1      | ytrimaz the Demigod Fighter began the quest for the Orb.
     0 | D:1      | Reached XP level 1. HP: 18/18 MP: 3/3
   433 | D:1      | Reached XP level 2. HP: 17/25 MP: 4/4
  1227 | D:2      | Reached skill level 3 in Armour
  1341 | D:2      | Slain by an adder

Illustrated notes

Levels and vault maps discovered:
D:1:      dpeg_arrival_long_road, layout_loops_ring, basic_ecumenical_altar,
          grunt_decor_junction
D:2:      layout_basic, serial_co_window_serial, co_window_of_opportunity_a,
          co_window_corner_a, co_window_corner_a, co_window_of_opportunity_a,
          co_window_paths_a, co_window_corner_a, co_window_corner_cb,
          co_window_of_opportunity_c, co_window_cross_4, co_window_corner_b,
          co_window_cross_3, co_window_unsneaky_path_e,
          co_window_of_opportunity_b, glass_columns_b, glass_columns_c,
          glass_columns_c

Skill      XL: |  1  2 |
---------------+-------+-----
Maces & Flails | 2 |  2.4
Armour         | 3 |  3.0
Fighting       | |  2.9
Shields        | |  2.9

Action                   || total
-------------------------++-------
Melee: Flail             ||    57
  Use: Scroll            ||     4
Armor: Scale mail        ||    25
Dodge: Dodged            ||    23
Block: Buckler           ||     8

Table legend: (Time is in decaauts)
 A = Elapsed time spent in this place.
 B = Non-inter-level travel time spent in this place.
 C = Inter-level travel time spent in this place.
 D = Time resting spent in this place.
 E = Time spent auto-exploring this place.
 F = Levels seen in this place.
 G = Mean time per level.
                   A        B        C        D        E       F      G
               +--------+--------+--------+--------+--------+-----+--------+
         Total |   1358 |   1344 |     14 |    278 |    854 |   2 |  679.0 |
       Dungeon |   1358 |   1344 |     14 |    278 |    854 |   2 |  679.0 |
               +--------+--------+--------+--------+--------+-----+--------+

Top non-repeatable levels by time:
     D:1: 1143 daAuts
     D:2: 215 daAuts
